 Dungeon Crawl Stone Soup version 0.21-a0-104-g7b58145 (webtiles) character file.

451 meatball the Sneak (level 7, -2/47 HPs)
             Began as an Octopode Assassin on July 5, 2017.
             Killed by divine providence
             ... invoked by an orc priest
              (9 damage)
             ... on level 4 of the Dungeon on July 6, 2017.
             The game lasted 00:19:19 (3736 turns).

meatball the Sneak (Octopode Assassin)              Turns: 3736, Time: 00:19:20

Health: -2/47      AC:  1    Str: 11    XL:     7   Next: 4%
Magic:  7/7        EV: 13    Int: 13    God:
Gold:   214        SH:  0    Dex: 15    Spells: 6/6 levels left

rFire    + . .     SeeInvis .   a - +2 dagger
rCold    + . .     Gourm    .   (no shield)
rNeg     . . .     Faith    .   (helmet restricted)
rPois    +         Spirit   .   (no amulet)
rElec    +         Reflect  .   (no ring)
rCorr    +         Harm     .   (no ring)
MR       .....                  (no ring)
Stlth    +++++.....             (no ring)
HPRegen  0.15/turn              (no ring)
MPRegen  0.10/turn              (no ring)
                                (no ring)
                                (no ring)

@: resistant
A: almost no armour, stealthy swim, amphibious, 8 rings, constrict 8, camouflage
1, gelatinous body 1
a: no special abilities


You were on level 4 of the Dungeon.
You were not hungry.

You visited 1 branch of the dungeon, and saw 4 of its levels.

You collected 214 gold pieces.

Inventory:

Hand Weapons
 a - a +2 dagger (weapon)
 b - a +0 blowgun
 e - a +0 dagger of venom
 v - a cursed -2 dagger
Missiles
 c - 33 poisoned needles
 d - 2 curare-tipped needles
 t - 3 javelins of penetration (quivered)
Jewellery
 o - an uncursed ring of positive energy {unknown}
 y - a +4 ring of evasion {unknown}
 B - a +5 ring of strength {unknown}
 H - a +4 ring of dexterity {unknown}
Wands
 D - a wand of acid (7/15)
Scrolls
 h - a scroll of immolation {unknown}
 i - a scroll of enchant armour {unknown}
 k - 3 scrolls of identify {unknown}
 l - 5 scrolls of amnesia {unknown}
 m - a scroll of blinking {unknown}
 q - 2 scrolls of remove curse {unknown}
 u - a scroll of fog {unknown}
 z - a scroll of magic mapping {unknown}
 G - a scroll of recharging {unknown}
Potions
 j - 3 potions of resistance
 p - 2 potions of curing {unknown}
 s - 3 potions of brilliance {unknown}
 w - a potion of haste {unknown}
 x - 3 potions of heal wounds {unknown}
 A - a potion of mutation {unknown}
 C - a potion of agility {unknown}
 F - a potion of degeneration {unknown}
Books
 E - a book of Changes

   Spells                             Type                      Level
   a - Beastly Appendage              Transmutation                1
   b - Sticks to Snakes               Transmutation                2
   c - Spider Form                    Transmutation/Poison         3
   d - Ice Form                       Ice/Transmutation            4
   e - Blade Hands                    Transmutation                5
Comestibles
 f - 4 bread rations
 g - a chunk of flesh
 n - a meat ration
 r - a royal jelly
 I - 4 fruits


   Skills:
 + Level 3.9 Fighting
 * Level 4.2 Short Blades
 + Level 3.5 Throwing
 - Level 1.0 Dodging
 * Level 7.6 Stealth


You had 6 spell levels left.
You didn't know any spells.

Dungeon Overview and Level Annotations

Branches:
Dungeon (4/15)
 Temple: D:4-7

Altars:
Uskayaw

Shops:
D:4 (


Innate Abilities, Weirdness & Mutations

You cannot wear most types of armour.
You are very stealthy in the water. (Stealth+)
You are amphibious.
You can wear up to eight rings at the same time.
You can use your tentacles to constrict eight enemies at once.
Your skin changes colour to match your surroundings (Stealth+).
Your rubbery body absorbs attacks. (AC +1, EV +1)


Message History

The orc priest mumbles some strange prayers to Beogh against you.
Beogh smites you!
* * * LOW HITPOINT WARNING * * *
Throwing (i - inventory):
t - 4 javelins of penetration (quivered)
Press: ? - help, Shift-Dir - straight line, f/p - orc priest
Aim: an orc priest, wielding a mace and wearing a chain mail You throw a javelin of penetration.
The javelin of penetration pierces through the orc priest.
The orc priest is heavily wounded.
The javelin of penetration pierces through the orc.
The orc is lightly wounded.
The javelin of penetration closely misses the orc priest.
The orc priest begins to cast a cantrip, but forgets the words!
The orc priest calls upon Beogh to heal the orc.
The orc's wounds heal themselves!
It was a potion of resistance.
You feel protected.
The orc priest mumbles some strange prayers to Beogh against you.
Beogh smites you!
You die...

#.#.######......# #
#.#.##..........# #
#.#.............########## #
#.####..........#........####
#.# #>......................
#.####.#####......######.####
#.##.(.....########### #.# #
#.##.#.o..o####.#....###.####
#.#(......oo@............[...
#.#..##.#######.#.###########
#.#..##.#######.#............
#.#..##.#.........######....#
#.#o.##.#<........# #....#
#.#o.##.#.........# #.∩..#
#.#.)##.#.........# ######
#.#..##.#.........#
#.#..##.#.........#


You could see 2 orc priests and 2 orcs.

Vanquished Creatures
  Sigmund (D:3)
  4 worker ants (D:4)
  11 adders
  2 oozes
  An adder skeleton (D:4)
  2 worms (D:3)
  A dart slug (D:2)
  2 leopard geckos
  An orc (D:4)
  8 bats
  12 giant cockroaches
  4 hobgoblins
  5 jackals
  9 kobolds
  4 quokkas
  A ball python (D:4)
  2 frilled lizards
  9 goblins
  10 rats
89 creatures vanquished.

Notes
Turn   | Place    | Note
-------+----------+-------------------------------------------
     0 | D:1      | meatball the Octopode Assassin began the quest for the Orb.
     0 | D:1      | Reached XP level 1. HP: 14/14 MP: 1/1
     6 | D:1      | Noticed a redback
     6 | D:1      | Noticed a wolf
     6 | D:1      | Noticed a swamp worm
     6 | D:1      | Noticed a black bear
     6 | D:1      | Noticed a crocodile
   278 | D:1      | Reached XP level 2. HP: 19/19 MP: 2/2
   660 | D:1      | Reached XP level 3. HP: 25/25 MP: 3/3
  1222 | D:2      | Reached XP level 4. HP: 31/31 MP: 4/4
  1863 | D:3      | Reached skill level 6 in Stealth
  2056 | D:3      | Reached XP level 5. HP: 35/36 MP: 5/5
  2105 | D:3      | Found a hide-covered altar of Uskayaw.
  2230 | D:3      | Noticed Sigmund
  2233 | D:3      | Killed Sigmund
  2233 | D:3      | Reached skill level 7 in Stealth
  2233 | D:3      | Reached XP level 6. HP: 42/42 MP: 6/6
  3279 | D:4      | Reached XP level 7. HP: 32/47 MP: 7/7
  3549 | D:4      | Found Wunanij's Antique Weapon Boutique.
  3736 | D:4      | Killed from afar by an orc priest

Vault maps used:
D:1:      onia_arrival_zoo_common
D:2:      first_bread
D:3:      minmay_roachtagon, overflow_temple_1_default, uniq_sigmund
D:4:      temple_statues, serial_shops, shop, serial_bayou_pond_e,
          minmay_hedge_maze

Skill      XL: |  1  2  3  4  5  6 |
---------------+-------------------+-----
Fighting       | 3 |  3.9
Stealth        | 6 7 |  7.6
Short Blades   | 3 4 |  4.2
Throwing       | 3 |  3.5
Dodging        | |  1.0

Action                   |  1- 3 |  4- 6 |  7- 9 || total
-------------------------+-------+-------+-------++-------
Melee: Dagger            |    47 |   130 |     2 ||   179
       Tentacles         |     8 |    22 |       ||    30
       Constrict         |     7 |    33 |       ||    40
Throw: Javelin           |       |       |     2 ||     2
  Use: Potion            |       |       |     1 ||     1
 Stab: Sleeping          |    14 |    18 |     2 ||    34
  Eat: Chunk             |     1 |     6 |     2 ||     9
Armor: Skin              |     1 |     9 |       ||    10
Dodge: Dodged            |    23 |    46 |       ||    69
